 Dungeon Crawl Stone Soup version 0.30-a0-341-g682706514a (webtiles) character file.

Game seed: 2238001725961850367

1514 koil the Trooper (level 8, 0/84 (87) HPs)
             Began as an Ogre Cinder Acolyte on Nov 1, 2022.
             Was a High Priest of Ignis.
             Slain by Joseph
             ... wielding a +0 quarterstaff
              (10 damage)
             ... on level 7 of the Dungeon.
             The game lasted 00:20:03 (7202 turns).

koil the Trooper (Ogre Cinder Acolyte)              Turns: 7202, Time: 00:20:04

HP:   0/84 (87)     AC:  6    Str: 18    XL:     8   Next: 83%
MP:   10/15         EV: 10    Int: 16    God:    Ignis [*****.]
Gold: 266           SH:  0    Dex:  8    Spells: 8/17 levels left

rFire   + . .      SeeInvis .    a - +6 war axe "Conservator" {vorpal, rElec rN+}
rCold   + . .      Faith    .    (no shield)
rNeg    + . .      Spirit   .    L - +0 robe
rPois   .          Reflect  .    (helmet restricted)
rElec   +          Harm     .    k - +2 cloak
rCorr   .          Rampage  .    (gloves unavailable)
Will    .....                    (boots unavailable)
Stlth   +.........               (no amulet)
HPRegen 0.34/turn                h - ring of protection from cold
MPRegen 0.14/turn                (no ring)

@: lightly drained
A: large, unfitting armour, tough skin 1, talons 1, agile 1, screaming 1
a: Renounce Religion, Fiery Armour, Foxfire Swarm, Rising Flame


You were on level 7 of the Dungeon.
You worshipped Ignis.
Ignis was extremely pleased with you.
You visited 2 branches of the dungeon, and saw 8 of its levels.

You collected 332 gold pieces.
You spent 66 gold pieces at shops.

Inventory:

Hand Weapons
 a - the +6 war axe "Conservator" (weapon) {vorpal, rElec rN+}
   (You found it on level 6 of the Dungeon)

   It inflicts extra damage upon your enemies.
   rElec:     It insulates you from electricity.
   rN:        It protects you from negative energy.
 H - a +0 hand axe of flaming
Missiles
 c - 11 poisoned darts
 y - 3 curare-tipped darts
Armour
 k - a +2 cloak (worn)
 L - a +0 robe (worn)
Jewellery
 h - a ring of protection from cold (left hand)
Wands
 m - a wand of flame (32)
Scrolls
 e - 2 scrolls of blinking
 l - 2 scrolls of vulnerability
 s - a scroll of fear
Potions
 i - 6 potions of curing
 j - 2 potions of brilliance
 n - 2 potions of haste
 p - 2 potions of heal wounds
 u - a potion of might
 w - a potion of resistance
 A - 2 potions of ambrosia


   Skills:
 + Level 7.3 Fighting
 + Level 5.6 Axes
 + Level 4.1 Dodging
 + Level 5.3 Spellcasting
 + Level 5.0 Fire Magic
 + Level 0.3 Air Magic


You had 8 spell levels left.
You knew the following spells:

 Your Spells              Type           Power      Damage    Failure   Level
a - Scorch                Fire           40%        2d7       2%          2
b - Swiftness             Air            5%         N/A       36%         3
c - Airstrike             Air            2%         2d(1-17)  78%         4

Your spell library contained the following spells:

 Spells                   Type           Power      Damage    Failure   Level
 Shock                    Conj/Air       16%        1d4       14%         1
 Apportation              Tloc           8%         N/A       16%         1
 Freeze                   Ice            16%        1d4       16%         1
 Magic Dart               Conj           16%        1d3       16%         1
 Necrotise                Necr           16%        1d4       16%         1
 Summon Small Mammal      Summ           16%        N/A       16%         1
 Call Imp                 Summ           4%         N/A       22%         2
 Mephitic Cloud           Conj/Pois/Air  4%         N/A       38%         3
 Call Canine Familiar     Summ           4%         N/A       41%         3
 Frozen Ramparts          Ice            8%         1d2       41%         3
 Hailstorm                Conj/Ice       4%         3d4       41%         3
 Stone Arrow              Conj/Erth      8%         3d7       41%         3
 Summon Guardian Golem    Hex/Summ       4%         N/A       41%         3
 Animate Armour           Summ/Erth      8%         N/A       83%         4
 Lehudib's Crystal Spear  Conj/Erth      2%         10d2      100%        8


Dungeon Overview and Level Annotations

Branches:
Dungeon (7/15)             Temple (1/1) D:6

Altars:
Cheibriados
Dithmenos
Elyvilon
Fedhas
Gozag
Kikubaaqudgha
Makhleb
Nemelex Xobeh
Okawaru
Qazlal
Ru
Sif Muna
Trog
Uskayaw
Vehumet
Wu Jian
Xom
Yredelemnul
Zin
The Shining One

Shops:
D:2 *   D:6 =

Annotations:
D:7 Joseph


Innate Abilities, Weirdness & Mutations

You are too large for most types of armour.
You have tough skin. (AC +1)
You have sharp toenails.
You are agile. (Dex +4, Str/Int -1)
You occasionally shout uncontrollably at your foes.


Message History

The phantom is almost destroyed.
The phantom hits you but does no damage.
You hit the phantom.
You destroy the phantom!
Your life force feels restored.
Joseph shoots a sling bullet.
The sling bullet barely misses you.
Joseph shoots a sling bullet.
The sling bullet hits you! You partially resist.
You feel drained.
Joseph shoots a sling bullet.
The sling bullet hits you! You partially resist.
You feel drained.
Flames lash Joseph.
Joseph is lightly wounded.
Joseph's fire resistance burns away.
Joseph unwields a +1 sling of draining.
Joseph wields a +0 quarterstaff.
Joseph completely misses you.
Flames lash Joseph.
Joseph is burned terribly!
Joseph is lightly wounded.
Joseph hits you with a +0 quarterstaff.
Flames lash Joseph.
Joseph is burned terribly!
Joseph is moderately wounded.
Joseph hits you with a +0 quarterstaff!
You are too injured to fight recklessly!
You are too injured to fight recklessly!
You are too injured to fight recklessly!
You completely miss Joseph. Your kick misses Joseph.
Joseph is moderately wounded.
Joseph hits you with a +0 quarterstaff.
You slash Joseph!
Joseph is heavily wounded.
Joseph hits you but does no damage.
You hit Joseph. You claw Joseph.
Joseph is heavily wounded.
Joseph hits you with a +0 quarterstaff. x2
You slash Joseph! You claw Joseph.
Joseph is almost dead.
Joseph hits you with a +0 quarterstaff!
* * * LOW HITPOINT WARNING * * *
You hit Joseph.
Joseph is almost dead.
Joseph hits you with a +0 quarterstaff!
You die...

##
#############....
##.#.#.#.#.#.#.#.#
#................
##.#@#.#.#.#.#.#.
#..@...(...>...@.
##.#.#.#.#.#.#.#.
########....#.#
##.)...###
####.........
#............ ##
#............
##.###....##......
#.......##......##


You could see Joseph (combustible).

Vanquished Creatures
  Sigmund (D:6)
  Edmund (D:6)
  An ice beast (D:6)
  A black bear (D:5)
  An ogre (D:4)
  A phantom (D:7)
  A kobold brigand (D:6)
  2 scorpions
  A jelly (D:4)
  2 orc priests
  5 hounds
  4 iguanas
  4 orc wizards
  8 adders
  3 gnolls (D:5)
  A shadow imp (D:6)
  2 white imps
  An ufetubus (D:4)
  7 worms
  A dart slug (D:3)
  22 orcs
  8 ball pythons
  7 endoplasms
  6 giant cockroaches
  5 goblins
  4 hobgoblins
  5 jackals
  6 quokkas
  6 bats
  3 frilled lizards
  11 kobolds
  A rat (D:1)
132 creatures vanquished.

Notes
Turn   | Place    | Note
-------+----------+-------------------------------------------
     0 | D:1      | koil the Ogre Cinder Acolyte began the quest for the Orb.
     0 | D:1      | Reached XP level 1. HP: 24/24 MP: 2/2
   128 | D:1      | Reached XP level 2. HP: 32/32 MP: 4/4
   131 | D:1      | Learned a level 2 spell: Scorch
   538 | D:1      | Reached XP level 3. HP: 39/39 MP: 5/5
   807 | D:2      | Reached skill level 1 in Dodging
  1062 | D:2      | Found a faded altar of an unknown god.
  1084 | D:2      | Found Debi Yno's General Store.
  1121 | D:2      | Bought a scroll of vulnerability for 44 gold pieces
  1121 | D:2      | Bought a scroll of identify for 22 gold pieces
  1213 | D:2      | Reached XP level 4. HP: 41/49 MP: 4/7
  1435 | D:2      | Identified the +6 plate armour of the Many Coins {rElec rN+
                  | Dex+3}
  1708 | D:3      | Reached XP level 5. HP: 24/55 MP: 2/8
  2030 | D:3      | Reached skill level 5 in Fighting
  2599 | D:4      | Noticed an ogre
  2625 | D:3      | Gained mutation: Your body sometimes deteriorates upon
                  | taking damage. [potion of mutation]
  2625 | D:3      | Gained mutation: You have a pair of small antennae on your
                  | head. [potion of mutation]
  2779 | D:3      | Lost mutation: Your body sometimes deteriorates upon taking
                  | damage. [potion of mutation]
  2779 | D:3      | Lost mutation: You have a pair of small antennae on your
                  | head. [potion of mutation]
  2779 | D:3      | Gained mutation: You possess an exceptional clarity of
                  | mind. [potion of mutation]
  2779 | D:3      | Gained mutation: Potions are less effective at restoring
                  | your health. [potion of mutation]
  2779 | D:3      | Gained mutation: You occasionally shout uncontrollably at
                  | your foes. [potion of mutation]
  2780 | D:3      | Lost mutation: Potions are less effective at restoring your
                  | health. [potion of mutation]
  2780 | D:3      | Lost mutation: You possess an exceptional clarity of mind.
                  | [potion of mutation]
  2780 | D:3      | Gained mutation: You are agile. (Dex +4, Str/Int -1)
                  | [potion of mutation]
  2780 | D:3      | Gained mutation: You have sharp toenails. [potion of
                  | mutation]
  2788 | D:4      | Killed an ogre
  2789 | D:4      | Reached XP level 6. HP: 25/66 MP: 1/10
  2924 | D:4      | You fall into a shaft and drop 3 floors!
  2951 | D:6      | Found a staircase to the Ecumenical Temple.
  2965 | D:5      | Entered Level 5 of the Dungeon
  3066 | D:5      | Noticed a black bear
  3110 | D:5      | Killed a black bear
  3111 | D:5      | Reached XP level 7. HP: 15/74 MP: 4/12
  3666 | D:4      | Reached skill level 6 in Fighting
  3767 | D:4      | Found a hide-covered altar of Uskayaw.
  4619 | D:5      | You fall into a shaft and drop 1 floor!
  5564 | D:6      | Reached skill level 5 in Axes
  5564 | D:6      | Reached XP level 8. HP: 13/84 MP: 5/14
  5884 | D:6      | Found Jyatuinlez's Jewellery Shoppe.
  6294 | D:6      | Identified the +6 war axe "Conservator" {vorpal, rElec rN+}
  6434 | D:6      | Noticed Edmund
  6446 | D:6      | Killed Edmund
  6447 | D:6      | Reached skill level 7 in Fighting
  6627 | D:6      | Noticed Sigmund
  6638 | D:6      | Killed Sigmund
  6639 | D:6      | Reached skill level 5 in Spellcasting
  6639 | D:6      | Reached skill level 5 in Fire Magic
  6976 | Temple   | Entered the Ecumenical Temple
  7170 | D:7      | Learned a level 3 spell: Swiftness
  7175 | D:7      | Learned a level 4 spell: Airstrike
  7180 | D:7      | Noticed Joseph
  7202 | D:7      | Slain by Joseph

Illustrated notes

Levels and vault maps discovered:
D:1:      shiori_arrival_oz, layout_loops_ring
D:2:      layout_loops_ring, serial_shops, nicolae_shop_waterfront,
          ebering_ecumenical_altar_mist, minivault_26
D:3:      layout_basic
D:4:      layout_layer_cave, nicolae_overflow_crystal_walls
D:5:      layout_gridville, minmay_misc_feat_iff, amethyst_killhole
D:6:      layout_basic, temple_statues, serial_shops, nicolae_shop_trees,
          sigmund_edmund_badplayer
D:7:      wander_river, layout_cave_pools, gammafunk_ghost_split, st_stairs_13,
          uniq_joseph
Temple:   hellmonk_temple_of_storms

Skill      XL: |  1  2  3  4  5  6  7  8 |
---------------+-------------------------+-----
Dodging        | 1 2 3 4 |  4.1
Fire Magic     | 3 4 5 |  5.0
Spellcasting   | 2 3 4 5 |  5.3
Fighting       | 5 6 7 |  7.3
Axes           | 4 5 |  5.6
Air Magic      | |  0.3

Action                   |  1- 3 |  4- 6 |  7- 9 || total
-------------------------+-------+-------+-------++-------
Melee: Hand axe          |   131 |   207 |   144 ||   482
       Kick              |       |    17 |    43 ||    60
       Punch             |       |     1 |     5 ||     6
       War axe           |       |       |    26 ||    26
Throw: Dart              |     2 |       |       ||     2
 Cast: Scorch            |     3 |    18 |    33 ||    54
  Use: Potion            |       |     5 |       ||     5
       Scroll            |       |       |    12 ||    12
Armor: Robe              |    65 |   125 |    68 ||   258
Dodge: Dodged            |    52 |   127 |    91 ||   270

Table legend: (Time is in decaauts)
 A = Elapsed time spent in this place.
 B = Non-inter-level travel time spent in this place.
 C = Inter-level travel time spent in this place.
 D = Time resting spent in this place.
 E = Time spent auto-exploring this place.
 F = Levels seen in this place.
 G = Mean time per level.
                   A        B        C        D        E       F      G
               +--------+--------+--------+--------+--------+-----+--------+
         Total |   7264 |   6872 |    392 |    833 |   4728 |   8 |  908.0 |
       Dungeon |   7158 |   6784 |    374 |    830 |   4716 |   7 | 1022.6 |
        Temple |    106 |     88 |     18 |      3 |     12 |   1 |  106.0 |
               +--------+--------+--------+--------+--------+-----+--------+

Top non-repeatable levels by time:
     D:4: 1654 daAuts
     D:6: 1652 daAuts
     D:3: 1192 daAuts
     D:5: 1007 daAuts
     D:2: 853 daAuts
     D:1: 712 daAuts
  Temple: 106 daAuts
     D:7: 86 daAuts
